 Dungeon Crawl Stone Soup version 0.17.1-1-g73c8601 (webtiles) character file.

471 PossumBlood the Carver (level 6, -2/76 HPs)
             Began as a Minotaur Fighter on Jan 6, 2016.
             Slain by a centaur zombie (4 damage)
             ... on level 5 of the Dungeon.
             The game lasted 00:09:29 (3357 turns).

PossumBlood the Carver (Minotaur Fighter)           Turns: 3357, Time: 00:09:29

Health: -2/76      AC: 23    Str: 22    XL:     6   Next: 83%
Magic:  5/5        EV:  2    Int: 10    God:
Gold:   300        SH:  9    Dex: 10    Spells: 0 memorised, 5 levels left

rFire  . . .     SeeInvis +     a - +1 long sword
rCold  . . .     Clarity  .     (armour currently unavailable)
rNeg   + + +     SustAt   .     c - +0 shield
rPois  +         Gourm    .     (helmet currently unavailable)
rElec  .         Spirit   .     (cloak currently unavailable)
rCorr  .         Warding  .     (gloves currently unavailable)
rMut   .         NoTele   +     (boots currently unavailable)
MR     .....                    (no amulet)
Stlth  +.........               (no ring)
                                w - ring of see invisible

@: brilliant, tree-form, not resistant to hostile enchantments, very unstealthy
A: (retaliatory headbutt), (horns 0)
a: no special abilities


You were on level 5 of the Dungeon.
You were hungry.
You were a tree.
You visited 1 branch of the dungeon, and saw 5 of its levels.

You collected 300 gold pieces.

Inventory:

Hand Weapons
 a - a +1 long sword (weapon)
Armour
 c - a +0 shield (worn)
 j - a +0 hat (melded)
 k - a +0 plate armour (melded)
Jewellery
 w - a ring of see invisible (left branch)
Wands
 o - a wand of random effects (29)
Scrolls
 f - 5 scrolls of remove curse
 h - a scroll of teleportation
 n - a scroll of recharging
Potions
 d - a potion of might
 g - a potion of curing {unknown}
 i - a potion of brilliance
 l - a potion of ambrosia
 p - a potion of invisibility
 r - a potion of poison {unknown}
 s - a potion of heal wounds {unknown}
 t - a potion of berserk rage {unknown}
 u - a potion of magic {unknown}
 v - a potion of haste {unknown}
Comestibles
 b - 6 fruits
 e - 3 bread rations
 q - 3 meat rations


   Skills:
 - Level 3.6 Fighting
 * Level 9.0 Long Blades
 - Level 3.6 Armour
 - Level 3.6 Shields


You had 5 spell levels left.
You didn't know any spells.

Dungeon Overview and Level Annotations

Branches:
Dungeon (5/15)
 Temple: D:4-7

Altars:
Makhleb
Qazlal
Sif Muna
Zin

Portals:
Sewer: D:5


Innate Abilities, Weirdness & Mutations

((You reflexively headbutt those who attack you in melee.))
((You have a pair of horns on your head.))


Message History

You hit the orc wizard.
The orc wizard is moderately wounded.
You block the adder's attack. You block the centaur zombie's attack.
The orc hits you but does no damage. x2
The orc wizard hits you but does no damage.
Space bends around you.
* * * LOW HITPOINT WARNING * * *
You block the orc priest's attack.
Drink which item? (? for menu, Esc to quit)
It was a potion of brilliance.
You feel clever all of a sudden. The adder bites you but does no damage.
You block the centaur zombie's attack. You block the orc's attack.
The orc hits you but does no damage.
The orc wizard hits you but does no damage.
Space bends around you.
* * * LOW HITPOINT WARNING * * *
The adder bites you but does no damage.
The orc priest hits you but does no damage.
The centaur zombie hits you.
You die...

.....(#####...#
.....<........+ .#
###.#.#####...# ##.#
#..<....#...# ....
###.......#...#####..###
........................
...#.......(..........#
...#...........oSo..# ..
#........†≈≈o♣Z.# ##
#........≈≈≈≈≈o.#
....####..≈≈∩≈≈..#
.....# #..≈≈≈≈≈..#
......+......≈≈≈......
......####.............
#.............
###....##..... ......
..###


You could see an orc priest, an orc wizard, an adder, 2 orcs and a centaur
zombie.

Vanquished Creatures
  A centaur (D:5)
  A scorpion (D:4)
  An orc priest (D:4)
  An orc wizard (D:4)
  A giant frog skeleton (D:4)
  An iguana (D:4)
  A worker ant (D:4)
  8 adders
  A river rat (D:5)
  3 oozes
  An adder skeleton (D:4)
  3 worms (D:2)
  5 giant geckos
  4 orcs
  2 ball pythons
  11 bats
  9 goblins
  6 hobgoblins
  9 kobolds
  3 quokkas
  8 giant cockroaches
  A giant gecko skeleton (D:3)
  A giant gecko zombie (D:3)
  A giant newt (D:2)
  7 jackals
  9 rats
99 creatures vanquished.

Vanquished Creatures (others)
  A giant newt (D:1)
1 creature vanquished.

Grand Total: 100 creatures vanquished

Notes
Turn   | Place    | Note
--------------------------------------------------------------
     0 | D:1      | PossumBlood the Minotaur Fighter began the quest for the Orb.
     0 | D:1      | Reached XP level 1. HP: 19/19 MP: 0/0
    76 | D:1      | Reached XP level 2. HP: 21/26 MP: 1/1
   460 | D:1      | Reached skill level 4 in Long Blades
   784 | D:2      | Reached XP level 3. HP: 29/31 MP: 2/2
   966 | D:2      | Reached skill level 5 in Long Blades
  1170 | D:2      | Reached XP level 4. HP: 39/39 MP: 3/3
  1405 | D:2      | Found a burning altar of Makhleb.
  1895 | D:3      | Found a stormy altar of Qazlal.
  2007 | D:3      | Reached skill level 6 in Long Blades
  2091 | D:3      | Reached XP level 5. HP: 43/45 MP: 4/4
  2488 | D:4      | Found a deep blue altar of Sif Muna.
  2644 | D:4      | Reached skill level 7 in Long Blades
  2973 | D:4      | Reached XP level 6. HP: 49/51 MP: 5/5
  3003 | D:4      | Reached skill level 8 in Long Blades
  3092 | D:4      | Found a glowing silver altar of Zin.
  3238 | D:4      | Found a stormy altar of Qazlal.
  3283 | D:5      | Entered Level 5 of the Dungeon
  3307 | D:5      | Found a glowing drain.
  3313 | D:5      | Reached skill level 9 in Long Blades
  3357 | D:5      | HP: 2/76 [orc wizard/dagger of distortion (6)]
  3357 | D:5      | Slain by a centaur zombie

Action                   |  1- 3 |  4- 6 || total
-------------------------+-------+-------++-------
Melee: Long sword        |    99 |   217 ||   316
  Use: Scroll            |       |    12 ||    12
       Potion            |       |     2 ||     2
  Eat: Royal jelly       |     1 |       ||     1
       Fruit             |       |     3 ||     3
       Pizza             |       |     1 ||     1
       Beef jerky        |       |     1 ||     1
